[Event "*** Titled Tuesday Blitz"]
[Site "Chess.com"]
[Date "2020.12.01"]
[Round "9"]
[White "IMVoja"]
[Black "emiliochess"]
[Result "0-1"]
[WhiteElo "2450"]
[BlackElo "2371"]
[TimeControl "180+1"]
[EndTime "11:43:39 PST"]
[Termination "emiliochess won by resignation"]

1. e4 c6 2. d4 d5 3. exd5 cxd5 4. Bd3 Nf6 5. c3 Nc6 6. Bf4 Bg4 7. Qb3 Qb6 8. Qxb6 axb6 9. Nd2 e6 10. Ngf3 Be7 11.
h3 Bh5 12. O-O Bg6 13. Bb5 Nd7 14. Rfe1 Ra5 15. a4 O-O 16. g4 Rfa8 17. h4 h6 18.
Ne5 Ncxe5 19. dxe5 Nb8 20. Nb3 R5a7 21. h5 Bc2 22.
Nd4 Bxa4 23. Be3 Bc5 24. b4 Bxd4 25. Rxa4 Rxa4 26. Bxd4 Ra1 27. Rxa1 Rxa1+ 28. Kg2 Rc1 29. Kf3 Nc6 30. Bxc6 bxc6 31. Ke2 b5 32. Kd2 Rh1 33. Ke3 Kf8 34. f4 Ke7 35. Kf3 f6 36. Kg2 Rc1 37. Kg3 Kf7 38. Kf3 fxe5 39. Bxe5 g6 40. hxg6+ Kxg6 41. Ke3 Rb1 42. Kf3 Re1 43. Kf2 Re4 44. Kf3 h5 45.
gxh5+ Kxh5 46. Bd4 Kg6 47. Be5 Kf5 48. Bd6 Rc4 49. Be5 c5 50. bxc5 Rxc5 51. Bd4 Rc4 52. Be5 b4 53. cxb4 Rxb4 54. Ke3 Rb3+ 55. Kd4 Rb4+ 56.
Ke3 Re4+ 57. Kf3 Rxe5 58. fxe5 Kxe5 59. Ke3 d4+ 0-1

[Event "*** Titled Tuesday Blitz"]
[Site "Chess.com"]
[Date "2020.12.01"]
[Round "9"]
[White "Aborigen_came"]
[Black "javirec"]
[Result "1-0"]
[WhiteElo "2719"]
[BlackElo "2366"]
[TimeControl "180+1"]
[EndTime "11:43:39 PST"]
[Termination "Aborigen_came won on time"]

1. Nc3 d5 2. e4 c6 3. g3 e5 4. d4 dxe4 5. Nxe4 Qxd4 6. Qxd4 exd4 7. Nf3 c5 8. Bf4 Be6 9. Bg2 Nc6 10. Nd6+ Bxd6 11. Bxd6 Nf6 12. Bxc5 d3 13. c3 Bd5 14.
O-O-O O-O-O 15. Rxd3 Bxa2 16. Rxd8+ Rxd8 17. Nd4 Bd5 18. Bxd5 Rxd5 19. b4 a6 20. Nxc6 bxc6 21. Re1 Nd7 22.
Re8+ Kc7 23. Re7 Rf5 24. Bd4 g6 25. f4 Kd6 26. Re8 c5 27. bxc5+ Nxc5 28. Ra8 1-0

[Event "*** Titled Tuesday Blitz"]
[Site "Chess.com"]
[Date "2020.12.01"]
[Round "9"]
[White "politeplayer"]
[Black "MF1966Idrisov"]
[Result "0-1"]
[WhiteElo "2253"]
[BlackElo "2380"]
[TimeControl "180+1"]
[EndTime "11:43:39 PST"]
[Termination "MF1966Idrisov won on time"]

1. e4 d5 2. exd5 Qxd5 3. Nf3 a6 4. d4 Bg4 5. Be2 Nf6 6. h3 Bh5 7. g4 Bg6 8. Nc3 Qd6 9. Ne5 Nc6 10. Bf4 Qxd4 11.
Qxd4 Nxd4 12. Nxg6 hxg6 13. O-O-O Nxe2+ 14. Nxe2 Ne4 15. Rd4 Nd6 16. Nc3 e6 17. h4 O-O-O 18.
h5 f6 19. Bxd6 Rxd6 20. Rxd6 Bxd6 21. Re1 gxh5 22. gxh5 Rxh5 23. Rxe6 Kd7 24. Re1 Bb4 25. Rg1 Rh7 26. Nd5 Bd6 27. f4 Ke6 28. c4 c6 29.
Re1+ Kf5 30. Ne7+ Kxf4 31. Nc8 Be5 32. b4 Rh2 33. a4 Ra2 34. Rf1+ Ke4 35. Re1+ Kd3 0-1

[Event "*** Titled Tuesday Blitz"]
[Site "Chess.com"]
[Date "2020.12.01"]
[Round "9"]
[White "Region_07"]
[Black "ChessteacherPalmS"]
[Result "1-0"]
[WhiteElo "2469"]
[BlackElo "2322"]
[TimeControl "180+1"]
[EndTime "11:43:41 PST"]
[Termination "Region_07 won on time"]

1. d4 Nf6 2. Bg5 g6 3. Bxf6 exf6 4. e3 f5 5. c4 Bg7 6. Nc3 c5 7. Nge2 b6 8. d5 d6 9. Nf4 Nd7 10. h4 h5 11. Be2 Ne5 12. Qc2 Bd7 13. g3 a6 14. a4 Rb8 15. Kf1 Qe7 16. Kg2 Ng4 17. Bd3 O-O 18. Rae1 Qf6 19. e4 Ne5 20. Be2 Rfe8 21. Nh3 Ng4 22. Rhf1 Qd8 23. Bd3 Ne5 24. Be2 Ng4 25. Ng5 Bf6 26. Qd2 fxe4 27. Ncxe4 Be7 28. Qf4 Ne5 29. Nf3 Bf5 30. Nxe5 Bxe4+ 31. Qxe4 Bf6 32. f4 dxe5 33. f5 Kg7 34. fxg6 Rg8 35.
Bd3 Qe7 36. Rf3 1-0

[Event "*** Titled Tuesday Blitz"]
[Site "Chess.com"]
[Date "2020.12.01"]
[Round "9"]
[White "ChessQueen"]
[Black "MatyChess1"]
[Result "1-0"]
[WhiteElo "2723"]
[BlackElo "2566"]
[TimeControl "180+1"]
[EndTime "11:43:42 PST"]
[Termination "ChessQueen won by resignation"]

1. e4 c5 2. c3 Nf6 3. e5 Nd5 4. d4 cxd4 5. Nf3 Nc6 6. cxd4 d6 7. Bc4 Nb6 8. Bb5 dxe5 9. Nxe5 Bd7 10. Nxd7 Qxd7 11. Nc3 Rd8 12. O-O e6 13. Qf3 Be7 14. Qg3 O-O 15. Rd1 Qd6 16. Bf4 Qb4 17. Bxc6 bxc6 18.
Bh6 Bf6 19. Ne4 Bxd4 20. Rab1 Kh8 21. a3 Qb5 22. Rxd4 gxh6 23. Nd6 Qg5 24. Qxg5 hxg5 25. Nxf7+ Rxf7 26. Rxd8+ Kg7 27. Rd6 Nd5 28. Rxe6 Rc7 29. g3 h6 30. Rd1 a5 31. Kg2 h5 32. Rd4 Kf7 33. Rd6 h4 34. Rc4 Rb7 35. Rcxc6 Ne7 36. Rc2 hxg3 37. hxg3 a4 38. Rd4 Ra7 39. Rc5 Kf6 40. Rb4 g4 41. Rb6+ Kf7 42. Rc4 Rd7 43. Rxg4 Ke8 44. Rxa4 Rd2 45. Re4 Kf8 46. Rb8+ Kf7 47.
Rb7 1-0

[Event "*** Titled Tuesday Blitz"]
[Site "Chess.com"]
[Date "2020.12.01"]
[Round "9"]
[White "snowlord"]
[Black "Artyom_ChessMate"]
[Result "0-1"]
[WhiteElo "2786"]
[BlackElo "2581"]
[TimeControl "180+1"]
[EndTime "11:43:42 PST"]
[Termination "Artyom_ChessMate won by resignation"]

1. e4 c5 2. Nf3 d6 3. d4 cxd4 4. Bc4 Nf6 5. Qxd4 Nc6 6. Qd3 g6 7. Nc3 Bg7 8. h3 O-O 9. O-O a6 10. a4 Nd7 11. Bg5 Nce5 12. Nxe5 Nxe5 13. Qe2 Nxc4 14. Qxc4 Be6 15. Qb4 Qc7 16. Nd5 Bxd5 17. exd5 h6 18. Bh4 g5 19. Bg3 Qxc2 20. Qxb7 Rfe8 21. Rab1 Qxa4 22. Rfc1 Qb5 23. Qc7 Bf6 24. Qc6 Qxc6 25. dxc6 Rec8 26. b4 Rab8 27. Rc4 Rb6 28. Rbc1 h5 29. h4 gxh4 30. Bxh4 Bxh4 31. Rxh4 Rbxc6 32.
Rxc6 Rxc6 33. Rxh5 Rc1+ 34. Kh2 Rb1 35. Ra5 Rxb4 36. Rxa6 Kg7 37. Ra5 Kf6 38. Ra3 d5 39.
Kg3 Ke5 40. Re3+ Re4 41. Ra3 f5 42. Kf3 e6 43. Rb3 Ra4 44. Re3+ Re4 45. Rb3 f4 46. Ra3 Rc4 47. Rb3 Kf5 48. Rb8 Rc3+ 49. Ke2 Ke4 50. Rb4+ d4 51. f3+ Kf5 52. Rb5+ e5 53. Rb8 Rc2+ 54. Kd3 Rxg2 55. Rf8+ Ke6 56. Re8+ Kf6 57. Rf8+ Ke7 58. Ra8 Rf2 59. Ke4 Re2+ 60. Kf5 Re3 61. Ra6 d3 62. Ra7+ Kd6 63. Ra6+ Kd5 64. Ra5+ Kc4 65.
Ra4+ Kb3 66. Ra8 d2 67. Rd8 Kc2 0-1

[Event "*** Titled Tuesday Blitz"]
[Site "Chess.com"]
[Date "2020.12.01"]
[Round "9"]
[White "MarcLonoff"]
[Black "canary2016"]
[Result "0-1"]
[WhiteElo "2165"]
[BlackElo "2000"]
[TimeControl "180+1"]
[EndTime "11:43:43 PST"]
[Termination "canary2016 won by checkmate"]

1. c4 c6 2. e4 d5 3. cxd5 cxd5 4. exd5 Nf6 5. Nc3 Nxd5 6. Bc4 Nf6 7. d4 Bf5 8. Nf3 e6 9. O-O Be7 10. d5 O-O 11. dxe6 Bxe6 12. Bxe6 fxe6 13. Qb3 Qd7 14.
Rd1 Qc6 15. Nd4 Qb6 16. Nxe6 Rc8 17. Be3 Qxb3 18. axb3 Nc6 19. Nd5 Nxd5 20. Rxd5 Bf6 21. Rd7 b6 22. Rad1 Bxb2 23. Bf4 a5 24. Be3 b5 25. Nc7 Rab8 26. Na6 Ra8 27. Nc7 Rab8 28. Ne6 a4 29. bxa4 bxa4 30. Bc1 a3 31. Bxb2 axb2 32.
Rxg7+ Kh8 33. Rb1 Ne5 34. Rg3 Rc1+ 35. Rxc1 bxc1=Q# 0-1

[Event "*** Titled Tuesday Blitz"]
[Site "Chess.com"]
[Date "2020.12.01"]
[Round "9"]
[White "MillyNeuf"]
[Black "KonstantinB_1983"]
[Result "1-0"]
[WhiteElo "2334"]
[BlackElo "2482"]
[TimeControl "180+1"]
[EndTime "11:43:44 PST"]
[Termination "MillyNeuf won by resignation"]

1. e4 d5 2. exd5 Qxd5 3. Nc3 Qd6 4. Bc4 Nf6 5. Nge2 a6 6. a4 Nc6 7. O-O Bg4 8. d3 e5 9. Qe1 Bxe2 10. Qxe2 Nd4 11. Qd1 Be7 12. Ne4 Nxe4 13. dxe4 O-O 14.
c3 Nc6 15. Qxd6 Bxd6 16. Be3 Ne7 17. Rfd1 g6 18. b4 Kg7 19. a5 f5 20. f3 Rad8 21. b5 axb5 22. Bxb5 c6 23. Bc4 fxe4 24. fxe4 Nc8 25. a6 bxa6 26. Bxa6 Ne7 27. Bb6 Rd7 28. Bc4 Re8 29. Be6 Rb7 30. Be3 Bb8 31. Rf1 Ng8 32. Bc4 Nf6 33. Rab1 Rxb1 34. Rxb1 Nxe4 35. Rb7+ Kh8 36. Bh6 Rg8 37. Bxg8 Kxg8 38. Rxb8+ Kf7 39. Rc8 c5 40. Be3 Ke6 41. c4 Kd7 42. Rxc5 1-0

[Event "*** Titled Tuesday Blitz"]
[Site "Chess.com"]
[Date "2020.12.01"]
[Round "9"]
[White "nonsopolo1"]
[Black "BlixLT"]
[Result "0-1"]
[WhiteElo "2194"]
[BlackElo "2325"]
[TimeControl "180+1"]
[EndTime "11:43:44 PST"]
[Termination "BlixLT won on time"]

1. g3 d5 2. Bg2 e5 3. c4 dxc4 4. Qa4+ Bd7 5. Qxc4 Bc6 6. Nf3 Nd7 7. O-O Ngf6 8. d3 Nb6 9. Qc3 Bd6 10. e4 Qe7 11. Nh4 Bd7 12. d4 O-O-O 13. Be3 exd4 14. Bxd4 Nxe4 15. Qa5 Kb8 16. Re1 f5 17. Nc3 Bb4 18. Nxf5 Qf8 19. Bxg7 Bxa5 20. Bxf8 Nxc3 21. bxc3 Rhxf8 22. Ne3 Bxc3 23. Rec1 Bxa1 24. Rxa1 c6 25. Rb1 Be6 26.
a4 Nd5 27. Nc4 Bc8 28. Na5 Ka8 29. h4 Rfe8 30. Nb3 Re2 31. Nd4 Ra2 0-1

[Event "*** Titled Tuesday Blitz"]
[Site "Chess.com"]
[Date "2020.12.01"]
[Round "9"]
[White "Oglob71"]
[Black "ecwinslow"]
[Result "1-0"]
[WhiteElo "2439"]
[BlackElo "2262"]
[TimeControl "180+1"]
[EndTime "11:43:45 PST"]
[Termination "Oglob71 won by resignation"]

1. d4 Nf6 2. Nf3 e6 3. c4 d5 4. Qc2 Bb4+ 5. Bd2 a5 6. a3 Be7 7.
Bf4 dxc4 8. Qxc4 Nc6 9. e3 O-O 10. Nc3 Nd5 11. Bg3 Nb6 12. Qa2 a4 13. Bb5 Bd7 14.
O-O Bd6 15. Rac1 Na5 16. Bd3 Rc8 17. Qb1 h6 18. Ne5 Be8 19. Rcd1 Nd5 20. Ne4 f6 21. Nc4 Bxg3 22. hxg3 Nxc4 23. Bxc4 b5 24. Bxd5 Qxd5 25. Rc1 Bg6 26. Nc3 Qb7 27. Qa2 Bf7 28.
Qb1 e5 29. Qd3 c6 30. Rfd1 Rfd8 31. Qe4 exd4 32. exd4 Qd7 33. Qf3 Bb3 34. Rd3 Bc4 35.
Rd2 c5 36. d5 Qd6 37. Rcd1 Re8 38. Ne4 Qe5 39. Nc3 Rcd8 40. d6 Bb3 41. Rc1 Rxd6 42. Rxd6 Qxd6 43. Nxb5 Qd2 44. Qc3 Qxc3 45. Nxc3 Rd8 46.
Re1 Rd2 47. Re2 Rxe2 48. Nxe2 Kf7 49. f3 g5 50. Kf2 Ke6 51. Ke3 Kd5 52. Nc3+ Ke5 53.
Ne4 c4 54. Nc3 h5 55. f4+ gxf4+ 56. gxf4+ Kf5 57. Kf3 h4 58. g3 hxg3 59. Kxg3 Bc2 60. Kf3 Bb3 61. Ke3 Bc2 62. Ne2 Bb3 63. Nd4+ Kg4 64.
Ke4 f5+ 65. Ke5 Bc2 66. Nxc2 Kf3 1-0

[Event "*** Titled Tuesday Blitz"]
[Site "Chess.com"]
[Date "2020.12.01"]
[Round "9"]
[White "kingofthenil"]
[Black "PelinGorki"]
[Result "1-0"]
[WhiteElo "2725"]
[BlackElo "2418"]
[TimeControl "180+1"]
[EndTime "11:43:46 PST"]
[Termination "kingofthenil won by resignation"]

1. d4 Nf6 2. g4 Nxg4 3. e4 Nf6 4. e5 Ng8 5. f4 c5 6. Nf3 cxd4 7. Bc4 e6 8. Nbd2 d6 9. Ne4 dxe5 10. fxe5 Nc6 11. O-O h6 12. Bf4 Qb6 13. a4 Bd7 14. a5 Nxa5 15.
Bd3 Nc6 16. Nfd2 Nb4 17. Nc4 Qc7 18. Ncd6+ Bxd6 19. Nxd6+ Kf8 20. Bd2 f5 21. Bxb4 Ne7 22. Qg4 Kg8 23. Qxd4 Nc6 24. Qc3 h5 25. h4 Rh6 26.
Bc5 Rg6+ 27. Kh2 Rg4 28. Bf2 Qd8 29. Be2 Rg6 30. Qh3 Nxe5 31. Rad1 Ng4+ 32. Bxg4 hxg4 33. Qg3 Qe7 34. Rfe1 Bc6 35. Nxf5 Qf6 36. Nd4 Bd5 37.
Be3 Re8 38. Bg5 Qf7 39. Rf1 Qf8 40. Rxf8+ Rxf8 41. Rd2 1-0

[Event "*** Titled Tuesday Blitz"]
[Site "Chess.com"]
[Date "2020.12.01"]
[Round "9"]
[White "Sam_ChessMood"]
[Black "Legendinunknown"]
[Result "1-0"]
[WhiteElo "2822"]
[BlackElo "2667"]
[TimeControl "180+1"]
[EndTime "11:43:50 PST"]
[Termination "Sam_ChessMood won by checkmate"]

1. c4 Nf6 2. Nc3 g6 3. e4 d6 4. d4 Bg7 5. Nf3 O-O 6. Be2 e5 7. O-O Nc6 8. d5 Ne7 9. b4 Nh5 10. Re1 a5 11. bxa5 Rxa5 12. a4 b6 13. g3 f5 14. Ba3 Nf6 15. Nd2 f4 16. Bb4 Ra8 17. Nb5 Ba6 18. Ra3 h5 19. Bf3 Bxb5 20. cxb5 Qd7 21. Rc3 Ra7 22. Qc2 Ne8 23. Ra1 Kf7 24. Be2 Rh8 25. a5 g5 26. Qd1 g4 27. axb6 cxb6 28. Rxa7 Qxa7 29. Nc4 Qb8 30. Ra3 Ng6 31. Ra6 f3 32. Bf1 h4 33. Rxb6 Qd8 34. Rb7+ Kg8 35. Ne3 Qg5 36. Nf5 Qh5 37. Qc2 hxg3 38. fxg3 Bh6 39. h4 gxh3 40. Qc8 h2+ 41. Kh1 Nf4 42.
gxf4 Bxf4 43. Rg7+ Kf8 44. Bxd6# 1-0

[Event "*** Titled Tuesday Blitz"]
[Site "Chess.com"]
[Date "2020.12.01"]
[Round "9"]
[White "Buffy7"]
[Black "sergeikim"]
[Result "1-0"]
[WhiteElo "2693"]
[BlackElo "2521"]
[TimeControl "180+1"]
[EndTime "11:43:50 PST"]
[Termination "Buffy7 won on time"]

1. c4 e5 2. Nc3 Nc6 3. Nf3 g6 4. g3 Bg7 5. Bg2 Nge7 6. O-O O-O 7. d3 d6 8. Rb1 h6 9. b4 Be6 10. b5 Nb8 11. Qc2 Nd7 12. Nd2 Nc5 13. Nde4 Nxe4 14. Nxe4 Qd7 15. a4 f6 16. c5 d5 17. c6 bxc6 18. Nc5 Qc8 19. Nxe6 Qxe6 20. Ba3 Kh7 21. Bxe7 Qxe7 22. Qxc6 d4 23. Rfc1 Rac8 24. a5 h5 25. b6 cxb6 26. Qxc8 Rxc8 27. Rxc8 Qd7 28. axb6 axb6 29. Rb8 Qc7 30. R8xb6 Qc2 31. R6b2 Qc3 32. Bd5 f5 33. Rb7 Qc2 34. R1b2 Qd1+ 35.
Kg2 e4 36. Re7 Kh6 37. Rbb7 Qxe2 38. dxe4 Bf6 39. Re6 1-0

[Event "*** Titled Tuesday Blitz"]
[Site "Chess.com"]
[Date "2020.12.01"]
[Round "9"]
[White "j_coca"]
[Black "Nadtkins"]
[Result "0-1"]
[WhiteElo "2384"]
[BlackElo "2517"]
[TimeControl "180+1"]
[EndTime "11:43:50 PST"]
[Termination "Nadtkins won by resignation"]

1. f4 Nh6 2. Nf3 d5 3. e3 Bg4 4.
d4 Nf5 5. Bd3 e6 6. h3 Bxf3 7.
Qxf3 Qh4+ 8. Qf2 Be7 9. Bxf5 Qxf2+ 10. Kxf2 exf5 11. Nd2 Nc6 12. c3 O-O-O 13. Nf3 f6 14. Bd2 Bd6 15. g4 Ne7 16. Rag1 g6 17. g5 fxg5 18. Nxg5 Rdf8 19. h4 Ng8 20. h5 Nf6 21.
hxg6 hxg6 22. Kf3 Kd7 23. Be1 Ng4 24. Bf2 Be7 25. Rxh8 Rxh8 26. Nf7 Rh2 27. Ne5+ Nxe5+ 28. fxe5 g5 29. Rc1 Ke6 30. c4 c6 31. cxd5+ Kxd5 32. b3 g4+ 33. Kg3 Rh3+ 34. Kg2 Ke4 35. Rc4 Rh6 36. Ra4 a6 37. Rc4 Bg5 38. Rc3 Rh3 39.
e6 Kd5 40. Rc5+ Kxe6 41. Re5+ Kf6 42. e4 f4 43. Rf5+ Kg6 44. d5 cxd5 45. Rxd5 f3+ 46. Kg1 Bf4 47. Rf5 Bh2+ 48. Kf1 Bg3 49. Be3 Rh1+ 50.
Bg1 Bh2 51. Kf2 Rxg1 52. Rf8 Rg2+ 53. Ke3 Re2+ 0-1

[Event "*** Titled Tuesday Blitz"]
[Site "Chess.com"]
[Date "2020.12.01"]
[Round "9"]
[White "GMSrinath"]
[Black "Kovalchuk94"]
[Result "0-1"]
[WhiteElo "2777"]
[BlackElo "2575"]
[TimeControl "180+1"]
[EndTime "11:43:51 PST"]
[Termination "Kovalchuk94 won by resignation"]

1. Nf3 Nf6 2. b3 g6 3. Bb2 Bg7 4. g3 O-O 5. Bg2 d5 6. O-O c6 7.
c4 a5 8. a3 Nbd7 9. d3 Re8 10.
Nbd2 e5 11. e3 h6 12. Rc1 e4 13. dxe4 dxe4 14. Nd4 Nc5 15. Bc3 Bg4 16. Qc2 Qe7 17. Rb1 Qd7 18. b4 axb4 19. axb4 Ne6 20. Nxe6 Qxe6 21. Bxf6 Bxf6 22. Nxe4 Bg7 23. Nc5 Qe7 24.
h3 Bf5 25. e4 Bc8 26. Rfd1 b6 27. Nd3 Bd4 28. c5 Be6 29. cxb6 Ra2 30. Qxc6 Rc8 31. Qb5 Rb8 32. e5 Rxb6 33. Qa5 Rxa5 34. bxa5 Rxb1 35. Rxb1 Qa3 36. Bf1 Qxa5 37. Rb8+ Kg7 38. Nf4 Qxe5 39. Re8 Qe1 40. Nd3 Qd2 41. Kg2 Bf5 42. Rd8 Bxd3 0-1

[Event "*** Titled Tuesday Blitz"]
[Site "Chess.com"]
[Date "2020.12.01"]
[Round "9"]
[White "MarcoRiehle"]
[Black "LPSupi"]
[Result "1-0"]
[WhiteElo "2688"]
[BlackElo "2875"]
[TimeControl "180+1"]
[EndTime "11:43:53 PST"]
[Termination "MarcoRiehle won on time"]

1. e4 c5 2. a3 g6 3. h4 Nc6 4. h5 gxh5 5. Nc3 Nf6 6. Bc4 Rg8 7. Nf3 e6 8. e5 d5 9. Bb5 Nd7 10. Rxh5 Qc7 11. d3 a6 12. Bxc6 bxc6 13. Bf4 Rb8 14. Qd2 Rxb2 15. Rxh7 Bg7 16. Rh5 Rh8 17. Rxh8+ Bxh8 18. O-O-O Rb8 19. Rh1 Bg7 20. Rh7 Bf8 21. Ng5 Qb6 22. Nxf7 d4 23. Nd6+ Bxd6 24. exd6 Qb2+ 25. Kd1 Qxc3 26. Qe2 Rb1+ 27. Bc1 Nf6 28. Re7+ Kd8 29. Qe5 Qa1 30. Qxf6 Rxc1+ 31. Ke2 Rxc2+ 32. Kf3 Rxf2+ 33. Kxf2 Qb2+ 34. Kg3 1-0

[Event "*** Titled Tuesday Blitz"]
[Site "Chess.com"]
[Date "2020.12.01"]
[Round "9"]
[White "Massakru"]
[Black "Lupul_Cenusiu"]
[Result "1-0"]
[WhiteElo "2337"]
[BlackElo "2572"]
[TimeControl "180+1"]
[EndTime "11:43:54 PST"]
[Termination "Massakru won by resignation"]

1. e4 c5 2. Nf3 e6 3. c3 d6 4. d4 Nf6 5. Bd3 Nc6 6. O-O g6 7.
Re1 cxd4 8. cxd4 Bg7 9. Nc3 O-O 10. Bg5 h6 11. Bh4 Qb6 12. d5 Ne5 13. Nxe5 dxe5 14. b3 Bd7 15. Rc1 Rac8 16. dxe6 Bxe6 17. Qe2 Rfe8 18. Bxf6 Bxf6 19. Nd5 Bxd5 20. exd5 Rcd8 21. Bc4 Kg7 22. Rc3 e4 23. Rg3 Be5 24. Rh3 f5 25. Kf1 Bd4 26. Rd1 a6 27. Qd2 e3 28. Qxd4+ Qxd4 29. Rxd4 b5 30. Be2 exf2 31. Kxf2 Rd6 32.
Re3 Rc8 33. Re6 Rxe6 34. dxe6 Kf6 35. Rd6 Rc2 36. Rxa6 g5 37. g3 h5 38. Ke3 f4+ 39. gxf4 gxf4+ 40. Kf3 h4 41. a4 b4 42. h3 Rc3+ 43.
Kxf4 Rxb3 44. Bg4 Rb1 45. Ra7 Rf1+ 46. Ke3 Re1+ 47. Kd2 Re4 48. e7 b3 49. Kc3 Re3+ 50. Kb2 Kg5 51. Rb7 Kf4 52. a5 1-0

[Event "*** Titled Tuesday Blitz"]
[Site "Chess.com"]
[Date "2020.12.01"]
[Round "9"]
[White "AniJak"]
[Black "nochewycandy"]
[Result "1-0"]
[WhiteElo "2399"]
[BlackElo "2517"]
[TimeControl "180+1"]
[EndTime "11:43:54 PST"]
[Termination "AniJak won by checkmate"]

1. e4 g6 2. d4 Bg7 3. Nc3 d6 4. Be3 a6 5. a4 Nf6 6. Qd2 Nc6 7. f3 O-O 8. h4 e5 9. Nge2 d5 10. exd5 Nxd5 11. Nxd5 Qxd5 12. Nc3 Qa5 13. d5 Nd4 14. h5 Nf5 15. Bf2 Bh6 16. Qd3 Kg7 17. g4 Nd6 18. Be3 Bf4 19. Bxf4 exf4 20. Qd4+ f6 21. Qxf4 Re8+ 22.
Be2 Nf7 23. hxg6 hxg6 24. O-O-O b5 25. g5 Nxg5 26. Qh4 Bf5 27. Qh6+ Kf7 28. d6 cxd6 29. Rxd6 Rh8 30. Qxh8 Rxh8 31. Rxh8 Qc7 32. Rhd8 b4 33. Bd3 Bxd3 34. cxd3 bxc3 35. R8d7+ Qxd7 36. Rxd7+ Ke6 37. Ra7 cxb2+ 38. Kxb2 Nxf3 39. Rxa6+ Kf5 40. Rb6 g5 41. a5 Ne5 42. Kc3 g4 43. a6 g3 44. a7 Nd7 45.
Rb1 g2 46. a8=Q g1=Q 47. Rxg1 Nb6 48. Qe4# 1-0

[Event "*** Titled Tuesday Blitz"]
[Site "Chess.com"]
[Date "2020.12.01"]
[Round "9"]
[White "malakismayil"]
[Black "Stormeman100100"]
[Result "1-0"]
[WhiteElo "2300"]
[BlackElo "2473"]
[TimeControl "180+1"]
[EndTime "11:43:54 PST"]
[Termination "malakismayil won by resignation"]

1. e4 c5 2. Nf3 d6 3. d4 cxd4 4.
Nxd4 Nf6 5. Nc3 a6 6. Bc4 e6 7. a3 b5 8. Bd3 Bb7 9. O-O Nbd7 10.
Nb3 Be7 11. Be3 Qc7 12. Qe2 Ne5 13.
h3 Nc4 14. Bxc4 bxc4 15. Nd2 Rc8 16. f4 Bc6 17. Qxc4 O-O 18. Qxa6 Qb8 19. Rab1 d5 20. e5 Nd7 21. b4 Nxe5 22. fxe5 Qxe5 23. Qd3 Bb7 24.
Bd4 Qh5 25. Nf3 Bd6 26. Rfe1 Rfe8 27. Be5 Be7 28. Bd4 Bf8 29. a4 f6 30. Bc5 Bxc5+ 31. bxc5 Bc6 32. Nb5 Rcd8 33. Nd6 Re7 34. Nd4 e5 35. Nxc6 Red7 36. Nxd8 Rxd8 37. Qxd5+ Kh8 38.
Nf7+ Kg8 39. Nxd8+ 1-0

[Event "*** Titled Tuesday Blitz"]
[Site "Chess.com"]
[Date "2020.12.01"]
[Round "9"]
[White "Sergienko_Sergey"]
[Black "plumalka"]
[Result "0-1"]
[WhiteElo "2363"]
[BlackElo "2494"]
[TimeControl "180+1"]
[EndTime "11:43:55 PST"]
[Termination "plumalka won by resignation"]

1. e4 c5 2. Nf3 d6 3. d4 cxd4 4. Nxd4 Nf6 5. Nc3 Bd7 6. Bg5 e6 7. Qd2 a6 8. O-O-O h6 9. Bh4 Nxe4 10.
Nxe4 Qxh4 11. f4 d5 12. Nf3 Qd8 13. Ng3 Nc6 14. Bd3 Qc7 15. Rhe1 O-O-O 16. Ne5 Nxe5 17. fxe5 Be7 18. Kb1 h5 19. Qe2 h4 20. Nf1 Kb8 21.
Nd2 Rc8 22. Nf3 Qb6 23. Ka1 Rc7 24. c3 Rhc8 25. Nd4 Bc5 26. Nb3 Be7 27. Rf1 Be8 28.
h3 g5 29. Nd4 Bc5 30. Nb3 a5 31. Nxc5 Rxc5 32. Rc1 a4 33. a3 d4 34. c4 Qa5 35.
Rfe1 b5 36. Kb1 b4 37. axb4 Qxb4 38. Red1 R8c7 39. Rd2 Rb7 40. Ka1 Ra5 41. c5 Rxc5 42.
Rxc5 Qxc5 43. Rc2 Qb4 44. Be4 Rb6 45. Qd3 Bb5 46. Qd1 a3 47. b3 d3 48. Rc1 Qxe4 49. Qg1 Qxe5+ 0-1

[Event "*** Titled Tuesday Blitz"]
[Site "Chess.com"]
[Date "2020.12.01"]
[Round "9"]
[White "toog"]
[Black "zurzan"]
[Result "1-0"]
[WhiteElo "2341"]
[BlackElo "2068"]
[TimeControl "180+1"]
[EndTime "11:43:55 PST"]
[Termination "toog won by resignation"]

1. e4 Nf6 2. e5 Nd5 3. d4 d6 4. Nf3 g6 5. Bc4 Nb6 6. Bb3 Bg7 7. h3 O-O 8. O-O Nc6 9. Bf4 Na5 10. Nc3 Nxb3 11.
axb3 d5 12. Qd2 Bf5 13. Bh6 Bxh6 14. Qxh6 f6 15. Nh4 fxe5 16. dxe5 e6 17. Nxf5 Rxf5 18. Rfe1 Qf8 19. Qxf8+ Raxf8 20. Rxa7 Rxf2 21. Rxb7 Rxc2 22. Re2 Rxe2 23. Nxe2 Rf5 24. Rxc7 Rxe5 25. Nd4 Re1+ 26. Kf2 Rb1 27. Nxe6 Rxb2+ 28. Kf3 Rxb3+ 29. Kf4 Rb1 30. Kg5 Rf1 31. Rg7+ Kh8 32. Rb7 Rf5+ 33. Kg4 h5+ 34.
Kg3 Rf6 35. Rxb6 d4 36. Rb8+ Kh7 37. Nxd4 Rd6 38. Nf3 Rd3 39. Rb7+ Kh6 40. Kh2 Rd6 41. h4 Rf6 42. Ng5 1-0

[Event "*** Titled Tuesday Blitz"]
[Site "Chess.com"]
[Date "2020.12.01"]
[Round "9"]
[White "esskeettit"]
[Black "QuintilianoR"]
[Result "0-1"]
[WhiteElo "2458"]
[BlackElo "2632"]
[TimeControl "180+1"]
[EndTime "11:43:56 PST"]
[Termination "QuintilianoR won on time"]

1. d4 d5 2. c4 c6 3. e3 Nf6 4.
Nf3 Bf5 5. Nc3 e6 6. Nh4 Be4 7. f3 Bg6 8. Nxg6 hxg6 9. Qd2 c5 10. cxd5 exd5 11. b3 Nc6 12. Bb2 cxd4 13. exd4 Bd6 14. Bb5 O-O 15. O-O Qc7 16. g3 Nxd4 17. Nxd5 Nxd5 18.
Bxd4 Rfd8 19. Rac1 Qe7 20. Rfe1 Qf8 21. Qf2 Nc7 22.
Bc4 b5 23. Bf1 Ne6 24. Be3 a6 25. Red1 Ba3 26. Rxd8 Rxd8 27. Re1 Bb4 28. Rc1 Qd6 29. Kg2 Qd5 30. Be2 Qe5 31. Rd1 Rxd1 32. Bxd1 Bc5 33.
Bxc5 Nxc5 34. Bc2 Ne6 35. Qd2 Qb2 36. Qf2 Qxa2 37. Kh3 Qb2 38. Qe2 a5 39. Qd3 Qe5 40.
f4 Qc5 0-1

[Event "*** Titled Tuesday Blitz"]
[Site "Chess.com"]
[Date "2020.12.01"]
[Round "9"]
[White "YIYUKI"]
[Black "FearNoEvil12"]
[Result "0-1"]
[WhiteElo "2326"]
[BlackElo "2185"]
[TimeControl "180+1"]
[EndTime "11:43:56 PST"]
[Termination "FearNoEvil12 won by resignation"]

1. e4 a6 2. d4 b5 3. Bd3 Bb7 4.
Qe2 e6 5. Nf3 Nf6 6. c3 d6 7. Nbd2 Nbd7 8. O-O h6 9. e5 Nd5 10. Ne4 g5 11. a4 bxa4 12. exd6 cxd6 13. Rxa4 g4 14. Ne1 Rg8 15. Ra3 h5 16. c4 N5f6 17.
d5 Nxe4 18. Bxe4 e5 19. f4 gxf3 20. Raxf3 f6 21. Rg3 Rxg3 22. Qxh5+ Ke7 23. hxg3 Qe8 24. Qg4 Qf7 25. Bg6 Qg7 26. Nf3 Kd8 27. Nh4 Bc8 28. Nf5 Qg8 29. Bd2 a5 30. Qh5 Kc7 31. g4 Nc5 32. Nh6 Bxh6 33. Bxh6 Bd7 34. Rxf6 Rb8 35. Rf8 Rxf8 36. Bxf8 Qxf8 37. Bf5 Bxf5 38. gxf5 Nd7 39. g4 e4 40. Qh7 Qf6 41. Kg2 Qxb2+ 42. Kh3 Qc3+ 43.
Kh4 Qxc4 44. f6 Qf1 45. Kg5 e3 46. f7 e2 47. f8=Q Qxf8 48. Qc2+ Kd8 49. Qxe2 Qf6+ 50.
Kh5 Qe5+ 51. Qxe5 Nxe5 52. g5 a4 0-1

[Event "*** Titled Tuesday Blitz"]
[Site "Chess.com"]
[Date "2020.12.01"]
[Round "9"]
[White "TigrVShlyape"]
[Black "Jospem"]
[Result "1-0"]
[WhiteElo "2866"]
[BlackElo "2957"]
[TimeControl "180+1"]
[EndTime "11:43:57 PST"]
[Termination "TigrVShlyape won on time"]

1. d4 Nf6 2. Nf3 e6 3. Bf4 b6 4. e3 Bb7 5. a4 a6 6. Nbd2 Be7 7. h3 O-O 8. Bd3 c5 9. O-O cxd4 10. exd4 d6 11. Bh2 Nbd7 12. Re1 Re8 13. c3 Bf8 14.
Nc4 Qc7 15. Nfd2 Bc6 16. Ne3 b5 17. b3 e5 18. axb5 axb5 19. Rxa8 Rxa8 20. Qc2 Qb7 21. Bf1 g6 22. Qd3 Ra2 23. Rd1 Qa8 24. c4 bxc4 25. Nexc4 e4 26. Qc3 Nd5 27. Qg3 N7f6 28. Nxd6 e3 29.
fxe3 Bxd6 30. Qxd6 Nxe3 31. Qxf6 Nd5 32. Qg5 Nc3 33. Re1 Qa7 34. Be5 Qd7 35. Qf6 Kf8 36. Qh8+ Ke7 37. Bf4+ 1-0